[ AOE2 MATCH · #513817760 ]
UnrankedByzantines vs Armenians
Rival team · LOSS
[ REPLAY ANALYSIS · EXTRACTED FROM THE RECORDED GAME ]
Feudal
12:37
Castle
22:07
Imperial
39:23
| APM avg | 55.4 |
| APM peak | 111 |
| eAPM avg | 24.9 |
| Villagers / military | 116 / 54 |
Focus
⚔️ 25.1% · 🌾 74.9%
Skirmisher ×25 · Archer ×19 · Militia ×3 · Mangonel ×3 · Monk ×1 · Scorpion ×1
Feudal
10:08
Castle
26:50
Imperial
—
| APM avg | 36.1 |
| APM peak | 67 |
| eAPM avg | 20.1 |
| Villagers / military | 71 / 69 |
Focus
⚔️ 31.1% · 🌾 68.9%
Militia ×52 · Skirmisher ×16 · Mangonel ×1
Match map
Initial resources + every placement click. Lines = walls · curves = elevation contours. ◆ gold · ⬟ stone · ● berries · ✦ relic · ◌ wall gap
Your base· ✓ Closed at 22:07 · 61t walls · no gate
廣西压力大芒果's base· Open — opponent sealed themselves in
Smoothed initial terrain · ◌ = detected wall gap · hover for details
Inputs per minute
— anaullo95 - - 廣西压力大芒果
Build order — anaullo95
First 150 of 310 actions detected
| 0:01 | Queue | Villager (Male) |
| 0:01 | Queue | Villager (Male) |
| 0:02 | Queue | Villager (Male) |
| 0:03 | Build | House |
| 0:05 | Build | House |
| 0:11 | Queue | Villager (Male) |
| 0:11 | Queue | Villager (Male) |
| 1:26 | Queue | Villager (Male) |
| 1:58 | Queue | Villager (Male) |
| 2:25 | Build | Lumber Camp |
| 2:32 | Queue | Villager (Male) |
| 2:48 | Queue | Villager (Male) |
| 2:48 | Queue | Villager (Male) |
| 3:23 | Queue | Villager (Male) |
| 3:36 | Queue | Villager (Male) |
| 3:36 | Queue | Villager (Male) |
| 3:37 | Queue | Villager (Male) |
| 3:57 | Build | House |
| 4:28 | Queue | Villager (Male) |
| 4:51 | Queue | Villager (Male) |
| 5:01 | Build | Barracks |
| 5:14 | Queue | Villager (Male) |
| 5:28 | Build | House |
| 5:29 | Queue | Villager (Male) |
| 5:54 | Queue | Militia |
| 6:12 | Queue | Villager (Male) |
| 6:12 | Queue | Villager (Male) |
| 6:25 | Queue | Militia |
| 6:29 | Build | Palisade Wall |
| 6:30 | Queue | Villager (Male) |
| 6:42 | Build | House |
| 6:49 | Build | Palisade Wall |
| 6:50 | Queue | Militia |
| 7:08 | Queue | Villager (Male) |
| 7:19 | Build | Mill |
| 7:41 | Build | Palisade Wall |
| 7:44 | Build | Palisade Wall |
| 7:52 | Queue | Villager (Male) |
| 7:58 | Queue | Villager (Male) |
| 8:04 | Build | House |
| 8:12 | Queue | Villager (Male) |
| 8:21 | Queue | Villager (Male) |
| 8:26 | Build | Mill |
| 8:50 | Queue | Villager (Male) |
| 8:55 | Build | Palisade Wall |
| 8:59 | Queue | Villager (Male) |
| 9:29 | Build | House |
| 9:57 | Build | Lumber Camp |
| 10:05 | Research | Loom |
| 10:07 | Build | House |
| 10:25 | Research | Feudal Age |
| 10:56 | Build | House |
| 11:04 | Build | Mining Camp |
| 11:37 | Build | House |
| 12:17 | Build | House |
| 12:37 | Age | Feudal Age |
| 12:40 | Build | Archery Range |
| 12:41 | Research | Double-Bit Axe |
| 12:42 | Research | Horse Collar |
| 12:42 | Queue | Villager (Male) |
| 12:55 | Build | House |
| 13:00 | Build | House |
| 13:04 | Queue | Villager (Male) |
| 13:16 | Build | House |
| 13:24 | Queue | Skirmisher |
| 13:29 | Build | House |
| 13:37 | Queue | Villager (Male) |
| 13:45 | Build | House |
| 13:54 | Queue | Archer |
| 14:10 | Queue | Archer |
| 14:14 | Queue | Villager (Male) |
| 14:16 | Build | House |
| 14:22 | Build | Blacksmith |
| 14:26 | Build | House |
| 14:28 | Queue | Villager (Male) |
| 14:41 | Build | House |
| 14:43 | Build | House |
| 14:54 | Build | House |
| 15:01 | Build | House |
| 15:01 | Queue | Villager (Male) |
| 15:07 | Queue | Villager (Male) |
| 15:19 | Research | Fletching |
| 15:27 | Build | Farm |
| 15:27 | Build | Farm |
| 15:27 | Build | Farm |
| 15:27 | Build | Farm |
| 15:28 | Build | Farm |
| 15:28 | Build | Farm |
| 15:30 | Queue | Villager (Male) |
| 15:38 | Build | House |
| 15:55 | Build | House |
| 16:04 | Build | House |
| 16:06 | Queue | Villager (Male) |
| 16:06 | Queue | Villager (Male) |
| 16:15 | Queue | Skirmisher |
| 16:18 | Build | Farm |
| 16:22 | Build | House |
| 16:24 | Build | House |
| 16:40 | Queue | Villager (Male) |
| 16:49 | Build | Farm |
| 16:51 | Queue | Villager (Male) |
| 16:56 | Queue | Skirmisher |
| 17:07 | Build | Farm |
| 17:16 | Build | House |
| 17:22 | Build | Palisade Wall |
| 17:29 | Queue | Archer |
| 17:30 | Queue | Villager (Male) |
| 17:33 | Build | Mining Camp |
| 17:41 | Build | House |
| 17:42 | Queue | Villager (Male) |
| 17:49 | Build | Farm |
| 17:49 | Queue | Villager (Male) |
| 17:53 | Build | Farm |
| 18:01 | Queue | Skirmisher |
| 18:08 | Build | Farm |
| 18:14 | Build | Farm |
| 18:34 | Build | House |
| 18:40 | Build | House |
| 18:45 | Build | Farm |
| 18:45 | Queue | Villager (Male) |
| 18:59 | Build | Watch Tower |
| 19:07 | Build | Farm |
| 19:25 | Research | Castle Age |
| 19:41 | Build | Palisade Wall |
| 19:50 | Build | Palisade Wall |
| 19:54 | Research | Loom |
| 20:33 | Queue | Archer |
| 20:38 | Build | House |
| 20:42 | Build | Watch Tower |
| 20:54 | Build | House |
| 20:59 | Build | Watch Tower |
| 21:07 | Build | House |
| 21:14 | Build | House |
| 21:28 | Build | House |
| 21:50 | Build | House |
| 21:52 | Build | Palisade Wall |
| 21:54 | Build | Palisade Wall |
| 22:07 | Age | Castle Age |
| 22:12 | Build | Siege Workshop |
| 22:55 | Queue | Villager (Male) |
| 22:56 | Research | Bodkin Arrow |
| 22:56 | Research | Bodkin Arrow |
| 22:59 | Queue | Archer |
| 23:19 | Queue | Scorpion |
| 23:36 | Build | Palisade Wall |
| 23:39 | Queue | Archer |
| 23:45 | Build | Farm |
| 23:59 | Queue | Villager (Male) |
| 24:09 | Build | Market |
| 24:28 | Queue | Archer |
Build order — 廣西压力大芒果
First 150 of 266 actions detected
| 0:02 | Queue | Villager (Male) |
| 0:03 | Queue | Villager (Male) |
| 0:03 | Queue | Villager (Male) |
| 0:03 | Queue | Villager (Male) |
| 0:04 | Queue | Villager (Male) |
| 0:06 | Build | House |
| 0:08 | Build | House |
| 1:13 | Queue | Villager (Male) |
| 1:47 | Build | Mule Cart |
| 2:22 | Queue | Villager (Male) |
| 2:25 | Queue | Villager (Male) |
| 2:25 | Queue | Villager (Male) |
| 2:47 | Build | House |
| 3:09 | Queue | Villager (Male) |
| 4:08 | Queue | Villager (Male) |
| 4:09 | Queue | Villager (Male) |
| 4:09 | Queue | Villager (Male) |
| 4:25 | Queue | Villager (Male) |
| 4:25 | Queue | Villager (Male) |
| 5:00 | Queue | Villager (Male) |
| 5:08 | Queue | Villager (Male) |
| 5:54 | Queue | Villager (Male) |
| 5:55 | Queue | Villager (Male) |
| 7:12 | Research | Loom |
| 7:16 | Build | Mill |
| 7:33 | Build | Barracks |
| 7:58 | Research | Feudal Age |
| 7:58 | Research | Feudal Age |
| 8:11 | Build | Mill |
| 8:15 | Queue | Militia |
| 8:15 | Queue | Militia |
| 8:35 | Build | House |
| 9:53 | Queue | Villager (Male) |
| 10:05 | Build | Mule Cart |
| 10:08 | Age | Feudal Age |
| 10:09 | Build | House |
| 10:22 | Queue | Villager (Male) |
| 10:28 | Build | Farm |
| 10:40 | Build | Farm |
| 10:46 | Build | Farm |
| 10:47 | Queue | Militia |
| 10:47 | Queue | Militia |
| 10:59 | Build | Farm |
| 11:14 | Research | Man-at-Arms (upgrade) |
| 11:32 | Queue | Militia |
| 12:10 | Queue | Villager (Male) |
| 12:10 | Queue | Villager (Male) |
| 12:18 | Research | Long Swordsman (upgrade) |
| 12:41 | Queue | Villager (Male) |
| 12:42 | Build | Farm |
| 12:50 | Queue | Villager (Male) |
| 13:01 | Build | House |
| 13:03 | Build | House |
| 13:25 | Queue | Villager (Male) |
| 13:28 | Queue | Militia |
| 13:30 | Queue | Militia |
| 13:40 | Build | Farm |
| 13:56 | Queue | Villager (Male) |
| 13:57 | Queue | Militia |
| 13:59 | Build | Farm |
| 14:11 | Queue | Militia |
| 14:13 | Queue | Villager (Male) |
| 14:19 | Build | House |
| 14:21 | Build | Palisade Wall |
| 14:33 | Queue | Villager (Male) |
| 14:35 | Build | Farm |
| 14:53 | Build | Farm |
| 14:57 | Research | Wheelbarrow |
| 15:45 | Queue | Villager (Male) |
| 15:46 | Queue | Militia |
| 15:46 | Queue | Militia |
| 16:06 | Queue | Villager (Male) |
| 16:10 | Build | Farm |
| 16:26 | Build | Watch Tower |
| 16:49 | Build | Barracks |
| 16:51 | Build | Farm |
| 16:53 | Queue | Militia |
| 16:54 | Queue | Villager (Male) |
| 17:04 | Build | Watch Tower |
| 17:12 | Build | Farm |
| 17:12 | Queue | Villager (Male) |
| 17:29 | Queue | Militia |
| 17:31 | Research | Arson |
| 17:33 | Build | House |
| 17:39 | Build | Farm |
| 17:44 | Build | House |
| 17:45 | Build | House |
| 17:56 | Queue | Militia |
| 17:58 | Build | House |
| 18:19 | Build | House |
| 18:22 | Build | Farm |
| 18:26 | Queue | Villager (Male) |
| 18:28 | Research | Double-Bit Axe |
| 18:43 | Build | Watch Tower |
| 18:46 | Queue | Militia |
| 18:46 | Queue | Militia |
| 18:48 | Queue | Villager (Male) |
| 19:11 | Queue | Militia |
| 19:12 | Queue | Militia |
| 19:15 | Queue | Villager (Male) |
| 19:19 | Build | Blacksmith |
| 19:58 | Build | Farm |
| 20:00 | Queue | Militia |
| 20:02 | Queue | Militia |
| 20:49 | Queue | Militia |
| 21:28 | Build | Barracks |
| 21:31 | Queue | Villager (Male) |
| 21:32 | Build | Farm |
| 21:35 | Queue | Militia |
| 21:35 | Queue | Militia |
| 22:07 | Build | Outpost |
| 22:13 | Queue | Militia |
| 22:13 | Queue | Militia |
| 22:20 | Build | Farm |
| 22:20 | Queue | Villager (Male) |
| 22:23 | Build | Market |
| 22:35 | Queue | Militia |
| 22:35 | Queue | Militia |
| 22:40 | Build | Outpost |
| 22:51 | Build | Farm |
| 22:53 | Build | Farm |
| 23:10 | Build | Farm |
| 23:13 | Build | Farm |
| 23:14 | Build | Farm |
| 24:10 | Research | Castle Age |
| 24:12 | Build | Archery Range |
| 24:19 | Build | Outpost |
| 24:34 | Queue | Militia |
| 25:01 | Research | Scale Mail Armor |
| 25:15 | Queue | Militia |
| 25:21 | Queue | Militia |
| 25:29 | Queue | Villager (Male) |
| 25:30 | Build | Farm |
| 25:31 | Research | Horse Collar |
| 25:33 | Build | Farm |
| 25:35 | Build | Farm |
| 25:48 | Queue | Militia |
| 26:01 | Queue | Militia |
| 26:03 | Build | Farm |
| 26:06 | Build | Farm |
| 26:16 | Queue | Militia |
| 26:24 | Build | House |
| 26:32 | Queue | Militia |
| 26:36 | Build | Outpost |
| 26:50 | Age | Castle Age |
| 26:56 | Research | Two-Handed Swordsman (upgrade) |
| 27:09 | Queue | Militia |
| 27:25 | Queue | Militia |
| 27:28 | Build | Siege Workshop |
| 27:53 | Build | Mule Cart |
Match timeline
| 5:01 | anaullo95 · first_building Barracks |
| 6:29 | anaullo95 · wall_segment Palisade Wall x13 |
| 6:49 | anaullo95 · wall_segment Palisade Wall x8 |
| 7:33 | 廣西压力大芒果 · first_building Barracks |
| 7:41 | anaullo95 · wall_segment Palisade Wall x3 |
| 7:44 | anaullo95 · wall_segment Palisade Wall x9 |
| 8:55 | anaullo95 · wall_segment Palisade Wall x8 |
| 10:08 | 廣西压力大芒果 · age_up feudal |
| 12:37 | anaullo95 · age_up feudal |
| 12:40 | anaullo95 · first_building Archery Range |
| 14:21 | 廣西压力大芒果 · wall_segment Palisade Wall x9 |
| 17:22 | anaullo95 · wall_segment Palisade Wall x1 |
| 19:41 | anaullo95 · wall_segment Palisade Wall x5 |
| 19:50 | anaullo95 · wall_segment Palisade Wall x5 |
| 21:52 | anaullo95 · wall_segment Palisade Wall x5 |
| 21:54 | anaullo95 · wall_segment Palisade Wall x4 |
| 22:07 | anaullo95 · age_up castle |
| 22:12 | anaullo95 · first_building Siege Workshop |
| 23:18 | 廣西压力大芒果 · first_market_sell 100 wood |
| 23:21 | 廣西压力大芒果 · first_market_buy 100 food |
| 23:36 | anaullo95 · wall_segment Palisade Wall x4 |
| 24:12 | 廣西压力大芒果 · first_building Archery Range |
| 25:30 | anaullo95 · first_market_sell 100 food |
| 25:31 | anaullo95 · first_market_buy 100 stone |
| 26:50 | 廣西压力大芒果 · age_up castle |
| 27:28 | 廣西压力大芒果 · first_building Siege Workshop |
| 32:54 | 廣西压力大芒果 · first_building Monastery |
| 35:30 | anaullo95 · wall_segment Stone Wall x1 |
| 36:48 | anaullo95 · first_building Castle |
| 37:19 | anaullo95 · first_building Monastery |
| 37:40 | anaullo95 · wall_segment Stone Wall x1 |
| 39:23 | anaullo95 · age_up imperial |
| 39:30 | 廣西压力大芒果 · first_building Castle |
| 40:08 | 廣西压力大芒果 · resign |
[ AI ANALYSIS · 1 CREDIT ]
What really happened in this match?
Wolo.gg analyzes every decision: build order, eco, micro, common mistakes by bracket. Personalized analysis on WhatsApp or Discord in 30 seconds.
Civ guide
Byzantines
Perfil
Jugador #25983101